 Dungeon Crawl Stone Soup version 0.27.1-3-gb3d3a73c9e (webtiles) character file.

Game seed: 12536625643894315661

13742 Urokeeper the Cleaver (level 12, -4/73 HPs)
             Began as a Kobold Hunter on Oct 11, 2021.
             Was a High Priest of Okawaru.
             Killed by divine providence
             ... invoked by an orc priest
              (14 damage)
             ... on level 2 of the Orcish Mines on Oct 12, 2021.
             The game lasted 01:35:31 (15438 turns).

Urokeeper the Cleaver (Kobold Hunter)              Turns: 15438, Time: 01:35:32

Health: -4/73      AC: 18    Str: 14    XL:     12   Next: 36%
Magic:  19/21      EV: 16    Int: 13    God:    Okawaru [*****.]
Gold:   1147       SH:  5    Dex: 31    Spells: 9/11 levels left

rFire    . . .     SeeInvis .   v - +7 broad axe of Feodgh {distort, rN+ MP+9 Str+4 Dex+4}
rCold    + . .     Faith    .   (shield currently unavailable)
rNeg     + . .     Spirit   .   F - +4 plate armour
rPois    .         Reflect  +   (no helmet)
rElec    .         Harm     .   (no cloak)
rCorr    .         Rampage  .   (no gloves)
Will     .....                  (no boots)
Stlth    +++.......             D - amulet of reflection
HPRegen  0.22/turn              d - ring of protection from cold
MPRegen  0.17/turn              u - +6 ring of dexterity

@: heroic
A: small, no large weapons, nightstalker 3, agile 1
a: Renounce Religion, Heroism, Finesse


You were on level 2 of the Orcish Mines.
You worshipped Okawaru.
Okawaru was extremely pleased with you.
You visited 2 branches of the dungeon, and saw 13 of its levels.
You also visited: Sewer.

You collected 1147 gold pieces.

Inventory:

Hand Weapons
 a - a +3 hand crossbow
 b - a +0 short sword
 m - a +2 dagger of venom
 v - the +7 broad axe of Feodgh (weapon) {distort, rN+ MP+9 Str+4 Dex+4}
   (You found it on level 8 of the Dungeon)

   It warps and distorts space around it, and may blink, banish, or inflict
   extra damage upon those it strikes.
   Unwielding it can cause banishment or high damage.
   Str:       It affects your strength (+4).
   Dex:       It affects your dexterity (+4).
   rN:        It protects you from negative energy.
   MP:        It affects your magic capacity (+9).
Missiles
 h - 49 bolts
 k - 4 boomerangs of dispersal
 y - 2 throwing nets (quivered)
 C - 15 poisoned darts
Armour
 c - a +1 leather armour
 r - a +3 ring mail of fire resistance
 F - a +4 plate armour (worn)
Jewellery
 d - a ring of protection from cold (left hand)
 q - an amulet of guardian spirit
 u - a +6 ring of dexterity (right hand)
 D - an amulet of reflection (around neck)
Wands
 f - a wand of iceblast (12)
 g - a wand of acid (2)
 E - a wand of charming (12)
 G - a wand of paralysis (5)
Scrolls
 e - 4 scrolls of noise
 n - 2 scrolls of magic mapping
 p - 2 scrolls of fog
 s - 3 scrolls of amnesia
Potions
 i - 4 potions of curing
 l - 3 potions of flight
 o - 2 potions of cancellation
 t - a potion of degeneration {unknown}
 x - 2 potions of mutation
 A - a potion of invisibility {unknown}
 B - 3 potions of magic


   Skills:
 - Level 8.0(13.0) Fighting
 - Level 7.4(12.4) Short Blades
 - Level 9.6(14.6) Axes
 - Level 8.5(13.5) Crossbows
 + Level 4.8(9.8) Armour
 - Level 8.7(13.7) Dodging
 - Level 8.4(13.4) Stealth
 - Level 2.0 Translocations


You had 9 spell levels left.
You knew the following spells:

 Your Spells              Type           Power      Damage    Failure   Level
a - Blink                 Tloc           N/A        N/A       100%        2

Your spell library contained the following spells:

 Spells                   Type           Power      Damage    Failure   Level
 Pain                     Necr           0%         1d4       100%        1
 Slow                     Hex            0%         N/A       100%        2
 Sublimation of Blood     Necr           0%         N/A       100%        2
 Wereblood                Tmut           0%         N/A       100%        2
 Confusing Touch          Hex            0%         N/A       100%        3
 Lesser Beckoning         Tloc           2%         N/A       100%        3
 Vampiric Draining        Necr           0%         2d6       100%        3
 Cause Fear               Hex            0%         N/A       100%        4
 Agony                    Necr           0%         N/A       100%        5
 Excruciating Wounds      Necr           0%         N/A       100%        5
 Fireball                 Conj/Fire      0%         3d3       100%        5
 Iskenderun's Battlesphe  Conj           0%         2d6       100%        5
 Manifold Assault         Tloc           5%         N/A       100%        5
 Conjure Ball Lightning   Conj/Air       0%         3x3d6     100%        6
 Dragon Form              Tmut           0%         N/A       100%        7
 Orb of Destruction       Conj           0%         N/A       100%        7
 Summon Hydra             Summ           0%         N/A       100%        7
 Dragon's Call            Summ           0%         N/A       100%        9


Dungeon Overview and Level Annotations

Branches:
Dungeon (11/15)            Temple (0/1) D:7             Orc (2/2) D:10
    Elf (0/3) Orc:2         Sewer (visited)
   Lair: D:8-11

Altars:
Cheibriados
Dithmenos
Gozag
Kikubaaqudgha
Nemelex Xobeh
Okawaru
Ru
Trog
Uskayaw
Beogh

Shops:
D:6 (   Orc:2 (!

Annotations:
D:3 1 runed translucent door, Crazy Yiuf
D:4 Eustachio


Innate Abilities, Weirdness & Mutations

You are small and have problems with some larger weapons.
You are completely attuned to the shadows.
You are agile. (Dex +2)


Message History

You hit the warg.
You kill the warg!
Okawaru accepts your kill.
You slash the orc high priest!
You kill the orc high priest!
Okawaru is honoured by your kill.
The soul eater disappears in a puff of smoke!
The orange demon disappears in a puff of smoke!
You feel like a meek peon again.
Okay, then.
You bump into the stone wall.
You feel less invigorated.
You feel less confused.
You block the troll's attack. x2; The troll barely misses you.
An orc priest comes into view. It is wielding a +0 hand axe.
The orc closely misses you.
You slash the orc!
You kill the orc!
Okawaru accepts your kill.
You closely miss the troll. The troll barely misses you.
The troll claws you but does no damage. x2
You slice the orc!!
You kill the orc!
Okawaru accepts your kill.
You slash the troll!
Space bends around the troll.
The sentinel's mark upon you fades away.
The troll closely misses you. The troll claws you but does no damage.
The troll claws you.
The orc priest looks satisfied for a moment.
The orc priest calls down the wrath of Beogh upon you.
Beogh smites you!
* * * LOW HITPOINT WARNING * * *
You gain the combat prowess of a mighty hero.
You block the troll's attack. The troll claws you but does no damage.
The troll claws you.
* * * LOW HITPOINT WARNING * * *
The troll closely misses you. The troll claws you but does no damage.
The troll completely misses you.
The orc priest invokes the aid of Beogh against you.
Beogh smites you!
You die...

.# #..# #.#
#.###).#....#. o#
#... ...
......#....#. )###'
#.... .....##'###.
)o.o. #..⌠
.⌠....)..... .###o
#.§ .....##)###. .#
.###o# ###..#....#.
.# ..§oo# #..#....#.
.# .###T# #..#....#.
#@# #..#...∩#.
.###T#######..######.
...ooo...............
....o......^.........
###############....#.
##....... #........
##.#.#... ###.....


You could see 2 trolls, 5 orc priests and 2 orcs.

Vanquished Creatures
  Harold (Orc:1)
  A tengu warrior (D:10)
  2 orc high priests (Orc:2)
  3 centaur zombies
  A gargoyle (D:6)
  2 kobold demonologists (D:10)
  A troll (D:10)
  A wraith (D:10)
  3 yaks (D:10)
  A vampire (D:10)
  A steam dragon (D:10)
  5 wargs
  2 acid dragons
  10 orc warriors
  A water moccasin (D:7)
  An ice beast (D:7)
  A necrophage (D:5)
  A sky beast (D:8)
  6 ogres
  4 centaurs
  2 kobold brigands
  3 bullfrogs
  2 scorpions (D:5)
  A wyvern skeleton (D:6)
  11 wights
  A bullfrog zombie (D:4)
  An electric eel (D:9)
  2 howler monkeys
  5 hounds
  A bullfrog skeleton (D:5)
  31 orc priests
  A centaur skeleton (D:7)
  Natasha (thrice) (D:3)
  4 iguanas
  21 orc wizards
  A howler monkey zombie (D:6)
  7 gnolls
  2 howler monkey skeletons
  5 adders
  7 river rats (Sewer)
  A white imp (D:7)
  An ufetubus (D:6)
  An adder skeleton (D:4)
  3 worms
  3 dart slugs
  65 orcs
  11 ball pythons
  4 bats
  6 endoplasms
  7 giant cockroaches
  5 goblins
  4 hobgoblins
  4 jackals (D:1)
  9 quokkas
  3 frilled lizards
  A jackal skeleton (D:4)
  27 kobolds
  A quokka skeleton (D:4)
  21 rats
336 creatures vanquished.

Vanquished Creatures (collateral kills)
  An acid dragon (D:9)
1 creature vanquished.

Vanquished Creatures (others)
  A kobold brigand (D:10)
  A jackal (D:4)
  A fungus (D:2)
  20 plants
23 creatures vanquished.

Grand Total: 360 creatures vanquished

Notes
Turn   | Place    | Note
-------+----------+-------------------------------------------
     0 | D:1      | Urokeeper the Kobold Hunter began the quest for the Orb.
     0 | D:1      | Reached XP level 1. HP: 12/12 MP: 1/1
   150 | D:1      | Reached XP level 2. HP: 18/18 MP: 2/2
   159 | D:1      | Reached skill level 1 in Short Blades
   171 | D:1      | Reached skill level 5 in Crossbows
   487 | D:1      | Reached XP level 3. HP: 22/22 MP: 3/3
   972 | D:2      | Found a faded altar of an unknown god.
  1187 | D:2      | Found an opulent altar of Gozag.
  1202 | D:2      | Reached XP level 4. HP: 27/27 MP: 4/4
  1728 | D:3      | Found an iron altar of Okawaru.
  1735 | D:3      | Became a worshipper of Warmaster Okawaru
  1830 | D:3      | Noticed Natasha
  1839 | D:3      | Killed Natasha
  1924 | D:3      | Noticed Natasha
  1928 | D:3      | Killed Natasha
  1929 | D:3      | Reached XP level 5. HP: 25/32 MP: 5/5
  2074 | D:3      | Noticed Natasha
  2079 | D:3      | Killed Natasha
  2165 | D:3      | Found a runed translucent door.
  2168 | D:3      | Noticed Crazy Yiuf
  2568 | D:4      | Found an ancient bone altar of Kikubaaqudgha.
  2992 | D:4      | Found a shadowy altar of Dithmenos.
  3003 | D:4      | Reached XP level 6. HP: 37/37 MP: 6/6
  3055 | D:4      | Reached * piety under Okawaru
  3311 | D:4      | Noticed Eustachio
  3402 | D:5      | Entered Level 5 of the Dungeon
  3452 | D:5      | Reached XP level 7. HP: 42/42 MP: 7/7
  3507 | D:5      | Found a sparkling altar of Nemelex Xobeh.
  3654 | D:5      | Reached skill level 5 in Stealth
  3879 | D:5      | Reached ** piety under Okawaru
  4187 | D:5      | Reached XP level 8. HP: 48/48 MP: 8/8
  4242 | D:5      | Reached skill level 5 in Dodging
  4421 | D:5      | HP: 2/41 [wight (6)]
  4427 | D:5      | Reached skill level 5 in Short Blades
  4579 | D:5      | Reached skill level 5 in Fighting
  4820 | D:6      | Found Plog's Antique Weapon Boutique.
  4921 | D:6      | Found a glowing drain.
  4951 | Sewer    | Entered a sewer
  5163 | Sewer    | Reached XP level 9. HP: 54/54 MP: 9/9
  5693 | D:6      | Learned a level 2 spell: Blink
  5844 | D:6      | Reached *** piety under Okawaru
  5845 | D:6      | Reached skill level 1 in Translocations
  6076 | D:6      | Found a sacrificial altar of Ru.
  6076 | D:6      | Found a hide-covered altar of Uskayaw.
  6147 | D:6      | Noticed a gargoyle
  6356 | D:7      | Found a staircase to the Ecumenical Temple.
  7007 | D:7      | Noticed a two-headed ogre
  7187 | D:7      | Found a bloodstained altar of Trog.
  7553 | D:8      | Noticed a death yak
  7641 | D:8      | Noticed a two-headed ogre
  8169 | D:10     | Entered Level 10 of the Dungeon
  8360 | D:10     | Reached **** piety under Okawaru
  8467 | D:10     | Noticed a tengu warrior
  8470 | D:10     | Reached XP level 10. HP: 28/61 MP: 4/10
  8939 | D:10     | Noticed a kobold demonologist
  9551 | D:8      | Identified the +7 broad axe of Feodgh {distort, rN+ MP+9
                  | Str+4 Dex+4}
  9614 | D:8      | Reached skill level 1 in Axes
  9921 | D:6      | Gained mutation: You are agile. (Dex +2) [potion of
                  | mutation]
 10007 | D:6      | Killed a gargoyle
 10008 | D:6      | Reached skill level 2 in Axes
 10084 | D:6      | Found a snail-covered altar of Cheibriados.
 10255 | D:8      | Reached skill level 3 in Axes
 10365 | D:8      | Noticed a death yak
 10636 | D:9      | Reached skill level 4 in Axes
 11440 | D:11     | Received a gift from Okawaru
 11441 | D:11     | Reached skill level 5 in Axes
 11485 | D:11     | Found the +10 tower shield of Ignorance {rN+ Int-4}
 11524 | D:11     | Noticed a cyclops
 11589 | D:11     | Noticed a two-headed ogre
 11605 | D:11     | Noticed a boulder beetle
 11686 | D:10     | Killed a tengu warrior
 11687 | D:10     | Reached skill level 6 in Axes
 11693 | D:10     | Reached ***** piety under Okawaru
 12023 | D:10     | Reached skill level 7 in Axes
 12023 | D:10     | Reached XP level 11. HP: 22/66 MP: 4/11
 12271 | D:10     | Received a gift from Okawaru
 12346 | D:10     | Identified a scroll of acquirement
 12347 | D:10     | Acquired an amulet of reflection
 12366 | D:10     | Reached skill level 8 in Axes
 12374 | D:10     | Noticed a soul eater
 12634 | D:10     | Found a staircase to the Orcish Mines.
 12832 | Orc:1    | Entered Level 1 of the Orcish Mines
 12833 | Orc:1    | Noticed an orc sorcerer
 12844 | Orc:1    | Banished an orc sorcerer
 12845 | Orc:1    | Reached skill level 9 in Axes
 13022 | Orc:1    | Noticed Harold
 13030 | Orc:1    | Killed Harold
 13030 | Orc:1    | Identified the +0 robe of Houlidwe {rN+} (Okawaru gifted it
                  | to you on level 1 of the Orcish Mines)
 13030 | Orc:1    | Received a gift from Okawaru
 13441 | Orc:2    | Entered Level 2 of the Orcish Mines
 13536 | Orc:2    | Found a staircase to the Elven Halls.
 13621 | Orc:2    | Noticed an orc high priest
 14469 | Orc:2    | Killed an orc high priest
 14470 | Orc:2    | Reached XP level 12. HP: 19/73 MP: 12/12
 14722 | Orc:2    | Noticed an orc high priest
 14734 | Orc:2    | Banished an orc high priest
 15309 | Orc:2    | Found Guuraekk's Weapon Shop.
 15318 | Orc:2    | Found Biko's Distillery.
 15329 | Orc:2    | Noticed an orc high priest
 15338 | Orc:2    | Banished an orc high priest
 15419 | Orc:2    | Noticed an orc high priest
 15428 | Orc:2    | Noticed a soul eater
 15434 | Orc:2    | Killed an orc high priest
 15438 | Orc:2    | Killed from afar by an orc priest

Illustrated notes

Levels and vault maps discovered:
D:1:      amcnicky_arrival_wind_blow, layout_basic, corexii_corridor_pit
D:2:      layout_rooms, basic_altar, shapermc_ecumenical_altar_gd,
          corexii_hall_statues_u
D:3:      layout_loops_ring, lemuel_coloured_pillars_altar, fountainhead,
          uniq_natasha, uniq_crazy_yiuf_cottage
D:4:      layout_rooms, grunt_temple_overflow_growth_and_decay,
          nicolae_dithmenos_the_darkroom, elyvilon_altar_4, uniq_eustachio
D:5:      layout_rooms, lemuel_round_altar, guppyfry_early_lair_pool
D:6:      layout_rooms, lemuel_tele_altar, minitemple, gup_sewer_entry_pipe,
          serial_shops, nicolae_shop_trees, dk_vineyard_3, grunt_decor_fettered,
          chequers_serial_rivers_room_a
D:7:      layout_loops_ring, trog_hazing_becter, minmay_temple_entry_sparse_star
D:8:      layout_basic, dpeg_lair_monsters, uniq_prince_ribbit1
D:9:      wad_lake_hut, layout_cave_pods, chequers_serial_rivers_room_b
D:10:     layout_roguey, david_orc_5
D:11:     layout_basic, portal_ice_cave_entry_pillars_2,
          ebering_ghost_funeral_grove, uniq_urug, uniq_sonja
Orc:1:    layout_diamond_mine, basic_altar, uniq_harold
Orc:2:    st_orc_town, layout_caves

Skill      XL: |  1  2  3  4  5  6  7  8  9 10 11 12 |
---------------+-------------------------------------+-----
Short Blades   | 1 2 3 4 5 7 |  7.4
Crossbows      | 5 6 7 8 |  8.5
Stealth        | 2 3 4 5 6 8 |  8.4
Dodging        | 3 4 6 7 8 |  8.7
Fighting       | 3 4 5 6 8 |  8.0
Translocations | 2 |  2.0
Axes           | 7 9 |  9.6
Armour         | 4 |  4.8

Action                   |  1- 3 |  4- 6 |  7- 9 | 10-12 || total
-------------------------+-------+-------+-------+-------++-------
Melee: Dagger            |       |    34 |   385 |    42 ||   461
       Punch             |       |       |     2 |     1 ||     3
       Broad axe         |       |       |       |   320 ||   320
 Fire: Hand crossbow     |    75 |    58 |    71 |       ||   204
Throw: Throwing net      |       |       |     1 |     2 ||     3
 Cast: Blink             |       |       |     6 |     2 ||     8
Invok: Heroism           |       |       |     4 |    14 ||    18
Evoke: Wand              |       |       |       |    14 ||    14
  Use: Scroll            |     2 |     6 |    12 |     6 ||    26
       Potion            |       |       |     3 |    19 ||    22
 Stab: Sleeping          |       |    10 |    48 |    17 ||    75
       Distracted        |       |     1 |     2 |     5 ||     8
       Paralysed         |       |       |       |     2 ||     2
Armor: Leather armour    |     3 |    11 |    40 |    23 ||    77
       Skin              |       |       |       |    33 ||    33
       Plate armour      |       |       |       |    12 ||    12
Dodge: Dodged            |    14 |    33 |   248 |   301 ||   596
Block: Other             |       |       |       |    32 ||    32
       Reflection        |       |       |       |     1 ||     1
